Map: 2000 Atmospheres LE

Players

Seither

  • Race: Terran Terran

MeomaikA - Winner!

  • Race: Zerg Zerg

Event: DreamHack SC2 Masters 2021 Fall

VOD

Have the link to the VOD?

Description

Time

  • Played on: Aug. 1, 2021, 4:13 a.m.
  • Length: 11:28

All games in this series

Show
View Real Time Build Order
Export as new Build Order

Seither Terran 

Build Orders:  

Get SALT Encoding   

  12  0:00  SCV  
  13  0:12  SCV  
  14  0:16  Supply Depot  
  14  0:24  SCV  
  15  0:38  SCV  
  15  0:40  Barracks  
  16  0:44  Refinery  
  16  0:50  SCV  
  17  1:02  SCV  
  18  1:14  SCV  
  19  1:27  Barracks Reactor  
  19  1:28  Orbital Command  
  19  1:38  Command Center  
  19  1:48  Supply Depot  
  19  1:54  SCV  
  20  2:03  Marine x2  
  20  2:07  Factory  
  21  2:10  SCV  
  22  2:17  Bunker  
  22  2:22  Marine x2  
  24  2:28  SCV  
  25  2:35  Refinery  
  25  2:40  SCV  
  25  2:42  Marine x2  
  28  2:51  Orbital Command  
  28  2:52  SCV  
  28  2:55  Hellion  
  31  3:03  Starport  
  31  3:06  SCV  
  31  3:10  Marine x2  
  34  3:18  SCV  
  35  3:21  Supply Depot  
  35  3:23  Hellion  
  37  3:28  SCV  
  37  3:30  SCV  
  37  3:32  Marine x2  
  41  3:40  SCV  
  42  3:42  SCV  
  42  3:43  Medivac  
  43  4:00  Barracks Tech Lab, Hellion x2  
  43  4:01  SCV x2  
  49  4:05  Supply Depot  
  49  4:13  SCV x2  
  53  4:24  Hellion  
  53  4:26  Liberator  
  53  4:27  Hellion  
  53  4:29  Supply Depot, Stimpack  
  53  4:30  Marine  
  53  4:31  SCV x2  
  61  4:43  SCV  
  62  4:47  Command Center  
  62  4:50  SCV  
  63  4:55  SCV, Supply Depot  
  64  5:03  SCV  
  64  5:04  Marine  
  66  5:07  SCV  
  66  5:09  Barracks  
  66  5:10  Barracks  
  66  5:12  Factory Reactor  
  67  5:15  SCV  
  67  5:19  SCV  
  65  5:27  SCV  
  66  5:31  SCV, Engineering Bay  
  66  5:32  Engineering Bay  
  66  5:38  Marine  
  66  5:39  SCV, Starport Reactor  
  66  5:42  Refinery x2  
  68  5:43  SCV  
  69  5:51  SCV  
  69  5:56  Marine, SCV, Barracks  
  72  5:58  Barracks, Factory Reactor  
  72  6:01  Marine x2  
  72  6:03  SCV  
  69  6:08  SCV  
  69  6:11  Orbital Command  
  58  6:15  Marine, SCV  
  55  6:18  Marine  
  55  6:19  Terran Infantry Weapons Level 1  
  55  6:20  Terran Infantry Armor Level 1, SCV  
  55  6:27  SCV  
  55  6:28  Medivac x2  
  60  6:33  SCV  
  60  6:39  Marine, SCV  
  62  6:40  Marine x3  
  62  6:42  Widow Mine x2  
  62  6:45  SCV x2  
  72  6:51  Barracks Reactor x2, Supply Depot, SCV  
  72  6:53  Orbital Command  
  73  6:58  SCV x2  
  75  7:01  Supply Depot  
  75  7:02  Combat Shield, Liberator  
  75  7:03  SCV  
  75  7:05  Marine x3  
  75  7:06  Marine  
  81  7:19  Marine  
  81  7:21  SCV x2  
  82  7:23  Marine x2, Widow Mine x2  
  82  7:25  Orbital Command, Armory  
  82  7:28  Supply Depot  
  88  7:32  Marine x2  
  88  7:33  Marine x3  
  88  7:36  Supply Depot  
  93  7:39  Supply Depot  
  88  7:46  Marine x3  
  88  7:49  Medivac x2  
  92  7:56  Missile Turret  
  92  7:57  Marine x4  
  94  8:00  Missile Turret  
  94  8:01  Missile Turret  
  94  8:02  Bunker  
  93  8:08  Marine  
  93  8:09  Marine x4  
  93  8:11  Widow Mine x2  
  102  8:19  Marine x4  
  88  8:26  Marine x2  
  88  8:27  Marine x3  
  82  8:35  Orbital Command  
  82  8:37  Marine x4  
  82  8:40  Widow Mine x2  
  81  8:44  Marine x4  
  81  8:45  Medivac x2  
  89  8:54  SCV  
  89  8:55  SCV  
  91  8:57  Terran Infantry Weapons Level 2  
  91  8:59  Marine x3  
  94  9:05  Marine x2, SCV  
  94  9:06  SCV  
  98  9:13  Missile Turret  
  98  9:16  Marine x3  
  101  9:18  SCV  
  101  9:19  SCV  
  101  9:22  Medivac x2  
  107  9:25  Marine x3  
  107  9:30  Terran Vehicle And Ship Armor Level 1  
  110  9:34  Widow Mine x2  
  110  9:35  Marine x2  
  110  9:36  Missile Turret  
  112  9:38  SCV x2  
  112  9:39  SCV  
  112  9:43  Supply Depot  
  112  9:47  Factory  
  112  9:54  Marine x5  
  117  10:01  Marine x3, Missile Turret  
  117  10:02  Marine  
  117  10:04  Widow Mine x2  
  125  10:07  Missile Turret  
  125  10:11  Marine, SCV x3  
  125  10:12  Marine  
  125  10:14  Supply Depot  
  130  10:15  Supply Depot, Medivac x2  
  130  10:16  Marine x2  
  130  10:17  Marine  
  130  10:20  Supply Depot  
  137  10:25  Widow Mine x2  
  104  10:44  Marine x4  
  104  10:46  Widow Mine, Factory Tech Lab  
  104  10:50  SCV x2  
  104  10:52  SCV  
  104  10:54  Marine x4  
  100  11:02  SCV x2  
  88  11:05  Marine x3  
  88  11:06  Marine x2  
Show
View Real Time Build Order
Export as new Build Order

MeomaikA Zerg - Winner!

Build Orders: Pool First 

Get SALT Encoding   

  12  0:00  Drone  
  13  0:08  Drone  
  14  0:16  Overlord  
  14  0:24  Extractor, Drone  
  15  0:34  Drone x2  
  17  0:44  Spawning Pool  
  17  0:46  Drone  
  17  1:07  Hatchery  
  17  1:10  Drone  
  17  1:12  Extractor  
  17  1:14  Drone  
  17  1:31  Zergling x4, Queen  
  21  1:37  Drone  
  22  1:47  Overlord  
  22  2:08  Queen  
  22  2:09  Drone  
  22  2:11  Drone  
  22  2:12  Metabolic Boost  
  26  2:19  Drone  
  26  2:20  Drone  
  28  2:27  Evolution Chamber  
  27  2:30  Drone  
  27  2:33  Drone  
  29  2:39  Drone  
  29  2:40  Drone x2  
  29  2:42  Drone  
  29  2:43  Drone  
  34  2:51  Drone  
  34  2:53  Zerg Melee Weapons Level 1, Drone  
  36  3:04  Overlord  
  36  3:14  Hatchery  
  36  3:15  Drone  
  36  3:23  Drone x4  
  40  3:28  Overlord  
  40  3:30  Drone  
  40  3:31  Drone  
  42  3:35  Zergling x4  
  44  3:43  Overlord  
  44  3:50  Drone x3  
  44  3:51  Drone x2  
  44  3:52  Drone  
  44  3:55  Drone x2  
  51  3:59  Overlord  
  52  4:03  Overlord  
  52  4:04  Drone  
  52  4:08  Lair  
  53  4:12  Extractor  
  53  4:13  Extractor  
  53  4:14  Drone x2  
  53  4:20  Zergling x2  
  54  4:24  Zergling x6  
  54  4:25  Zergling x2  
  54  4:26  Drone  
  54  4:28  Drone  
  54  4:29  Drone x2  
  62  4:31  Drone  
  62  4:32  Queen  
  64  4:38  Drone  
  64  4:39  Drone x2  
  67  4:47  Zerg Ground Armor Level 1  
  67  4:48  Spore Crawler  
  67  4:49  Spore Crawler x2  
  67  4:52  Drone x2  
  66  4:53  Drone  
  66  4:56  Zergling x2  
  66  4:57  Zergling x4  
  64  5:00  Zergling x2  
  64  5:01  Zergling x2  
  64  5:03  Zergling x2  
  66  5:07  Zergling x4  
  66  5:08  Zergling x2  
  66  5:10  Zergling x2  
  66  5:13  Zergling x2  
  71  5:18  Zergling x2  
  71  5:21  Zergling x2  
  72  5:22  Zergling x2  
  71  5:30  Spire  
  70  5:36  Overlord  
  70  5:37  Overlord  
  70  5:40  Overlord  
  70  5:42  Zergling x4  
  72  5:49  Zergling x2  
  73  5:53  Zergling x2  
  73  5:55  Zergling x4  
  75  6:02  Zergling x2  
  75  6:03  Zergling x2  
  74  6:08  Zergling x2  
  71  6:14  Zergling x4  
  71  6:16  Queen  
  71  6:17  Zergling x2, Extractor  
  69  6:23  Zergling x2  
  69  6:25  Zergling x2, Queen  
  71  6:26  Zergling x2  
  71  6:28  Extractor  
  71  6:33  Drone  
  71  6:36  Drone  
  71  6:37  Drone  
  71  6:38  Hatchery  
  73  6:41  Zerg Melee Weapons Level 2  
  73  6:44  Zerg Flyer Weapons Level 1, Mutalisk  
  76  6:47  Extractor, Drone  
  76  6:51  Drone x4  
  76  6:54  Drone x3  
  81  6:56  Mutalisk  
  81  7:00  Mutalisk x2  
  88  7:05  Mutalisk  
  91  7:08  Zergling x2, Spore Crawler  
  91  7:11  Overlord  
  90  7:18  Mutalisk x2  
  90  7:20  Overlord  
  90  7:21  Drone x2  
  90  7:22  Overlord  
  95  7:23  Drone x2  
  97  7:30  Drone x2  
  97  7:32  Mutalisk  
  97  7:34  Mutalisk  
  97  7:36  Zergling x4  
  105  7:40  Zergling x4  
  105  7:42  Zergling x2  
  106  7:46  Drone  
  106  7:48  Zergling x2  
  106  7:50  Mutalisk  
  106  7:51  Mutalisk  
  110  7:52  Drone x5  
  110  7:55  Overlord  
  110  7:57  Pneumatized Carapace  
  117  7:58  Extractor  
  117  7:59  Extractor, Overseer  
  117  8:01  Zergling x6  
  118  8:06  Zergling x2  
  118  8:09  Zergling x2  
  119  8:15  Zergling x2, Mutalisk x2  
  119  8:18  Mutalisk  
  112  8:21  Zergling x2  
  112  8:22  Zergling x4  
  112  8:25  Zergling x2  
  112  8:26  Zergling x2  
  113  8:28  Zergling x6  
  113  8:29  Zergling x4  
  113  8:30  Zergling x2  
  113  8:33  Mutalisk x2  
  111  8:41  Drone  
  111  8:42  Drone x2, Mutalisk  
  111  8:46  Zergling x2  
  111  8:48  Zergling x2  
  118  8:49  Zergling x2  
  118  8:50  Zergling x4, Mutalisk  
  118  8:51  Drone x2  
  124  8:57  Mutalisk  
  126  9:03  Mutalisk  
  126  9:05  Overlord  
  128  9:13  Overlord x2  
  128  9:16  Overlord  
  127  9:23  Mutalisk x4  
  135  9:26  Overlord  
  135  9:27  Overlord  
  135  9:28  Overlord  
  135  9:32  Baneling Nest  
  135  9:37  Mutalisk x3  
  142  9:38  Zergling x6  
  142  9:42  Zergling x4  
  142  9:43  Zergling x2  
  146  9:45  Zergling x2  
  146  9:46  Zergling x4  
  149  9:55  Drone x2  
  149  9:56  Drone  
  149  9:58  Mutalisk  
  149  9:59  Mutalisk  
  154  10:06  Mutalisk x2  
  160  10:07  Zergling x4  
  160  10:10  Mutalisk  
  160  10:14  Zergling x4  
  166  10:17  Mutalisk  
  166  10:18  Zergling x4  
  166  10:19  Mutalisk  
  172  10:23  Mutalisk  
  153  10:37  Mutalisk x3  
  153  10:42  Mutalisk  
  139  10:46  Zergling x18  
  139  10:47  Mutalisk  
  151  10:51  Mutalisk  
  151  10:54  Zergling x2  
  151  10:55  Zergling x4  
  151  10:56  Zergling x4  
  151  10:57  Zergling x4  
  151  10:59  Zergling x2  
  151  11:00  Zergling x2  
  149  11:06  Zergling x2  
  149  11:07  Zergling x2  

Tags
 
Add a new tag
Caveats
  • Supply blocks, unpowered buildings, or Contaminate may cause inaccurate times.
  • Supply counts are checked every 10 seconds.